 Dungeon Crawl Stone Soup version 0.24.0-1-gfbc8707 (webtiles) character file.

Game seed: 18040871190019272596, levelgen mode: deterministic

2877 ClockworkOrrery the Fighter (level 9, -1/61 HPs)
             Began as a Gargoyle Fighter on Oct 29, 2019.
             Slain by an orc
             ... wielding a +0 spear
              (3 damage)
             ... in a bailey.
             The game lasted 00:24:28 (5626 turns).

ClockworkOrrery the Fighter (Gargoyle Fighter)      Turns: 5626, Time: 00:24:28

Health: -1/61      AC: 26    Str: 19    XL:     9   Next: 76%
Magic:  9/9        EV:  5    Int: 13    God:
Gold:   361        SH: 11    Dex:  9    Spells: 8/8 levels left

rFire    . . .     SeeInvis +   x - +7 flail (protect)
rCold    . . .     Gourm    .   c - +1 shield
rNeg     + . .     Faith    .   m - +0 plate armour
rPois    ∞         Spirit   .   b - +0 hat
rElec    +         Reflect  .   a - scarf {cloud immunity}
rCorr    .         Harm     .   (no gloves)
MR       +....                  (no boots)
Stlth    ..........             (no amulet)
HPRegen  0.20/turn              B - ring of see invisible
MPRegen  0.11/turn              v - ring of protection from magic

@: protection aura
A: negative energy resistance 1, electricity resistance, unbreathing,
petrification resistance, rot immunity, AC +6
a: no special abilities


You were in a bailey.
You were not hungry.

You visited 1 branch of the dungeon, and saw 7 of its levels.
You also visited: Bailey.

You collected 361 gold pieces.

Inventory:

Hand Weapons
 o - a +1 whip of distortion
 u - a +1 dagger of venom
 x - a +7 flail of protection (weapon)
 z - a +2 mace of draining
 C - a +1 whip of freezing
Armour
 a - a scarf of cloud immunity (worn)
 b - a +0 hat (worn)
 c - a +1 shield (worn)
 m - a +0 plate armour (worn)
 y - a +3 scale mail of cold resistance
 F - a cursed +0 leather armour
 L - a +2 leather armour of fire resistance
Magical Staves
 G - an uncursed staff of fire {unknown}
Jewellery
 h - an uncursed ring of wizardry
 n - an uncursed ring of magical power
 v - a ring of protection from magic (right hand)
 B - a ring of see invisible (left hand)
Scrolls
 j - a scroll of noise {unknown}
 l - 3 scrolls of teleportation
 t - a scroll of remove curse
 w - 2 scrolls of amnesia
 D - 4 scrolls of identify
 I - a scroll of magic mapping
 K - a scroll of enchant weapon {unknown}
Potions
 d - 3 potions of might
 e - 4 potions of heal wounds {unknown}
 i - 3 potions of flight {unknown}
 k - 2 potions of curing {unknown}
 p - a potion of mutation {unknown}
 r - a potion of lignification {unknown}
 s - a potion of brilliance {unknown}
 M - a potion of berserk rage
Comestibles
 f - 10 rations
 g - 8 chunks of flesh


   Skills:
 * Level 9.4 Fighting
 + Level 5.9 Maces & Flails
 + Level 6.4 Armour
 + Level 4.0 Dodging
 + Level 6.4 Shields


You had 8 spell levels left.
You didn't know any spells.
Your spell library contained the following spells:

 Spells                   Type           Power        Failure   Level  Hunger
 Animate Skeleton         Necr           N/A          100%        1    ##.....
 Apportation              Tloc           #.....       100%        1    ##.....
 Confusing Touch          Hex            #.....       100%        1    ##.....
 Summon Small Mammal      Summ           #...         100%        1    ##.....


Dungeon Overview and Level Annotations

Branches:
Dungeon (7/15)             Temple (0/1) D:7          Bailey (1/1)

Altars:
Dithmenos
Ru


Innate Abilities, Weirdness & Mutations

You are resistant to torment.
Your stone body is resilient. (AC +6)
You are immune to poison.
You resist negative energy. (rN+)
You are resistant to electric shocks. (rElec)
You can survive without breathing.
You are immune to petrification.
You are immune to rotting.


Message History

* * * LOW HITPOINT WARNING * * *
The orc barely misses you. You block the orc's attack.
You hit the orc warrior.
The orc warrior is moderately wounded.
You block the orc warrior's attack. The orc hits you but does no damage.
You block the orc's attack.
You hit the orc warrior but do no damage.
The orc warrior is moderately wounded.
The orc hits you but does no damage. The orc warrior barely misses you.
The orc hits you but does no damage.
Your plate armour prevents you from hitting the orc warrior.
The orc warrior is moderately wounded.
The orc hits you but does no damage. The orc warrior completely misses you.
You block the orc's attack.
You hit the orc warrior.
The orc warrior is heavily wounded.
You block the orc's attack. The orc barely misses you.
You block the orc warrior's attack.
The orc hits you from afar with a +0 spear.
You die...

#########+++####
##.........o.....
##......).@ooo....
##.......⌠#######⌠.
#≈....#####.....#####
#≈...##....≈≈≈≈≈o...##
#≈...#.⌠.≈≈≈...≈≈≈.⌠.#
#≈...#..≈≈..≈)≈).≈≈..#
#≈..⌠#.≈≈.≈≈≈)≈≈≈.≈≈.#
#≈.)##.≈.≈≈.....≈≈.≈.##
#≈.)#.≈≈.≈.≈≈≈≈≈.≈.≈≈.#


You could see an orc warrior and 3 orcs.

Vanquished Creatures
  Pikel (D:4)
  Prince Ribbit (D:5)
  Eustachio (D:6)
  Edmund (D:4)
  3 orc warriors (Bailey)
  A phantom (D:4)
  A necrophage (D:7)
  An ogre (D:5)
  3 centaurs
  2 bullfrogs (D:7)
  4 scorpions (D:4)
  2 howler monkeys (D:4)
  A crimson imp (D:5)
  2 orc priests
  A jelly (D:5)
  8 orc wizards
  A centaur skeleton (D:4)
  Terence (D:2)
  Natasha (D:2)
  A worker ant (D:4)
  A hound zombie (D:5)
  11 adders
  3 gnolls
  A worm (D:5)
  5 leopard geckos
  33 orcs
  11 bats
  7 giant cockroaches
  7 goblins
  9 hobgoblins
  7 jackals
  15 kobolds
  5 quokkas
  11 frilled lizards
  A leopard gecko skeleton (D:4)
  11 rats
175 creatures vanquished.

Notes
Turn   | Place    | Note
-------+----------+-------------------------------------------
     0 | D:1      | ClockworkOrrery the Gargoyle Fighter began the quest for
                  | the Orb.
     0 | D:1      | Reached XP level 1. HP: 14/14 MP: 1/1
    84 | D:1      | Reached XP level 2. HP: 16/20 MP: 2/2
   203 | D:1      | Reached skill level 4 in Fighting
   438 | D:1      | Reached XP level 3. HP: 24/24 MP: 3/3
   863 | D:2      | Found a shadowy altar of Dithmenos.
   983 | D:2      | Reached XP level 4. HP: 16/30 MP: 4/4
  1400 | D:2      | Reached skill level 5 in Fighting
  1530 | D:2      | Noticed Terence
  1540 | D:2      | Killed Terence
  1540 | D:2      | Reached XP level 5. HP: 35/35 MP: 5/5
  1581 | D:2      | Noticed Natasha
  1606 | D:2      | Killed Natasha
  2174 | D:3      | Reached skill level 1 in Dodging
  2500 | D:3      | Reached XP level 6. HP: 37/40 MP: 6/6
  2852 | D:4      | Noticed Edmund
  3174 | D:4      | Killed Edmund
  3174 | D:4      | Reached skill level 6 in Fighting
  3174 | D:4      | Reached XP level 7. HP: 6/46 MP: 7/7
  3450 | D:4      | Found a sacrificial altar of Ru.
  3511 | D:4      | Reached skill level 7 in Fighting
  3520 | D:4      | Reached XP level 8. HP: 13/53 MP: 8/8
  4082 | D:4      | Noticed Pikel
  4100 | D:4      | Killed Pikel
  4100 | D:4      | Reached skill level 8 in Fighting
  4100 | D:4      | Reached skill level 5 in Maces & Flails
  4100 | D:4      | Reached skill level 5 in Armour
  4100 | D:4      | Reached skill level 5 in Shields
  4203 | D:5      | Entered Level 5 of the Dungeon
  4362 | D:5      | Reached XP level 9. HP: 59/59 MP: 9/9
  4579 | D:5      | Noticed Prince Ribbit
  4681 | D:5      | Killed Prince Ribbit
  5003 | D:6      | Noticed Eustachio
  5032 | D:6      | Killed Eustachio
  5271 | D:7      | Reached skill level 9 in Fighting
  5281 | D:7      | Found a flagged portal.
  5298 | Bailey   | Entered a bailey
  5622 | Bailey   | HP: 2/61 [orc warrior/+0 halberd (3)]
  5626 | Bailey   | Slain by an orc

Levels and vault maps discovered:
D:1:      lightli_molten_gateway, layout_loops_ring
D:2:      layout_loops_cross, st_stairs_7, grunt_dithmenos_smoke, uniq_terence,
          uniq_natasha
D:3:      layout_basic
D:4:      layout_basic, nicolae_ru_awakened_eye, uniq_edmund, uniq_pikel
D:5:      layout_rooms, first_ration, uniq_prince_ribbit1
D:6:      layout_basic, uniq_eustachio
D:7:      layout_gridville, vehumet_altar_wand_db,
          minmay_temple_entry_statues_fountains, serial_co_window_serial,
          co_window_paths_a, co_window_corner_a, co_window_cross_1,
          co_window_paths_b, co_window_paths_a, co_window_corner_a,
          co_window_corner_a, co_window_corner_b, co_window_broadway_b,
          co_window_of_opportunity_c, co_window_broadway_b, enter_bailey_6,
          grunt_ogre_cave, nicolae_zen_rock_garden, uniq_menkaure, uniq_harold
Bailey:   bailey_polearm_flooded_kennysheep, bailey

Skill      XL: |  1  2  3  4  5  6  7  8  9 |
---------------+----------------------------+-----
Fighting       | 4 5 6 7 8 9 |  9.4
Maces & Flails | 3 4 5 |  5.9
Dodging        | 1 2 3 4 |  4.0
Shields        | 4 5 6 |  6.4
Armour         | 4 5 6 |  6.4

Action                   |  1- 3 |  4- 6 |  7- 9 || total
-------------------------+-------+-------+-------++-------
Melee: Flail             |   176 |   151 |   252 ||   579
       Dagger            |       |   142 |    13 ||   155
  Use: Scroll            |       |     2 |     9 ||    11
  Eat: Chunk             |     1 |     7 |     9 ||    17
Armor: Scale mail        |   145 |     4 |       ||   149
       Plate armour      |       |   232 |   374 ||   606
Dodge: Dodged            |    85 |    45 |   115 ||   245
Block: Shield            |   114 |   179 |   279 ||   572
